 Dungeon Crawl Stone Soup version 0.31-a0-986-g5e6e4ef867 (webtiles) character file.

Game seed: 16740892390258739303

32621 FakeRyeBread the Basher (level 13, -15/84 HPs)
             Began as a Gargoyle Fighter on Nov 4, 2023.
             Was a High Priest of Okawaru.
             Demolished by a harpy simulacrum (16 damage)
             ... in an ice cave.
             The game lasted 00:47:30 (13347 turns).

FakeRyeBread the Basher (Gargoyle Fighter)         Turns: 13347, Time: 00:47:30

Health: -15/84     AC: 38    Str: 25    XL:     13   Next: 65%
Magic:  11/18      EV: 10    Int:  9    God:    Okawaru [*****.]
Gold:   404        SH: 14    Dex: 18    Spells: 12/12 levels left

rFire   . . .        J - +2 eveningstar (drain)
rCold   . . .        c - +0 buckler
rNeg    + . .        w - +6 scale mail "Ofiebosch" {Contam Regen+ Dex+7}
rPois   ∞            x - +0 helmet "Otiudent" {+Blink rElec}
rElec   +            z - +1 cloak
rCorr   +            h - +0 pair of gloves
SInv    .            K - +1 pair of boots of Gravity {+Inv Will+ Regen+ Dex+2}
Will    +....        j - amulet of reflection
Stlth   ++           i - +4 ring of protection
HPRegen 1.94/turn    I - ring of resist corrosion
MPRegen 0.16/turn

%: reflection
@: heroic, finesse-ful, constricted
A: sickness immunity, AC +9, negative energy resistance 1, electricity
resistance, torment resistance 1, petrification resistance
a: Renounce Religion, Evoke Blink, Evoke Invisibility, Heroism, Finesse, Duel


You were in an ice cave.
You worshipped Okawaru.
Okawaru was extremely pleased with you.
You visited 1 branch of the dungeon, and saw 14 of its levels.
You also visited: Ice Cave.

You collected 949 gold pieces.
You spent 545 gold pieces at shops.

Inventory:

Hand Weapons
 C - a +1 demon whip of venom
 J - a +2 eveningstar of draining (weapon)
Missiles
 d - 5 silver javelins
 q - 16 boomerangs (quivered)
 N - 2 javelins
Armour
 c - a +0 buckler (worn)
 h - a +0 pair of gloves (worn)
 w - the +6 scale mail "Ofiebosch" (worn) {Contam Regen+ Dex+7}
   (You bought it in a shop on level 7 of the Dungeon)

   Dex+7:     It affects your dexterity (+7).
   Contam:    It causes magical contamination when unequipped.
   Regen+:    It increases your rate of health regeneration.
 x - the +0 helmet "Otiudent" (worn) {+Blink rElec}
   (You bought it in a shop on level 7 of the Dungeon)

   rElec:     It insulates you from electricity.
   +Blink:    It lets you blink.
 z - a +1 cloak (worn)
 K - the +1 pair of boots of Gravity (worn) {+Inv Will+ Regen+ Dex+2}
   (Okawaru gifted it to you on level 11 of the Dungeon)

   Dex+2:     It affects your dexterity (+2).
   Will+:     It increases your willpower.
   +Inv:      It lets you turn invisible.
   Regen+:    It increases your rate of health regeneration.
Jewellery
 b - a ring of fire
 i - a +4 ring of protection (left hand)
 j - an amulet of reflection (around neck)
 m - a ring of willpower
 F - a ring of fire
 I - a ring of resist corrosion (right hand)
 L - a +5 ring of evasion
Wands
 a - a wand of flame (4)
 A - a wand of light (10)
 B - a wand of iceblast (27)
Scrolls
 f - 3 scrolls of enchant weapon
 y - 2 scrolls of teleportation
Potions
 g - 3 potions of brilliance
 k - 2 potions of lignification
 l - 2 potions of curing
 n - 2 potions of enlightenment
 p - a potion of heal wounds
 s - 3 potions of resistance
 t - a potion of haste
 D - 8 potions of ambrosia
 E - a potion of berserk rage {unknown}
 G - a potion of invisibility {unknown}
 M - 2 potions of degeneration {unknown}


   Skills:
 + Level 11.1(16.1) Fighting
 * Level 13.8(18.8) Maces & Flails
 - Level 5.0(10.0) Throwing
 + Level 11.1(16.1) Armour
 + Level 10.9(15.9) Shields
 + Level 7.3 Invocations


You had 12 spell levels left.
You didn't know any spells.
Your spell library contained the following spells:

 Spells                   Type           Power      Damage    Failure   Level
 Magic Dart               Conj           0%         1d3       61%         1
 Lesser Beckoning         Tloc           0%         N/A       75%         2
 Poisonous Vapours        Pois/Air       0%         N/A       75%         2
 Gell's Gravitas          Tloc           0%         N/A       93%         3
 Inner Flame              Hex/Fire       0%         N/A       93%         3
 Mephitic Cloud           Conj/Pois/Air  0%         N/A       93%         3
 Sigil of Binding         Hex            0%         N/A       93%         3
 Teleport Other           Tloc           0%         N/A       93%         3
 Anguish                  Hex/Necr       0%         N/A       100%        4
 Cause Fear               Hex            0%         N/A       100%        4
 Dimensional Bullseye     Hex/Tloc       0%         N/A       100%        4
 Flame Wave               Conj/Fire      0%         2d4       100%        4
 Leda's Liquefaction      Hex/Erth       0%         N/A       100%        4
 Sticky Flame             Conj/Fire      0%         2d3       100%        4
 Freezing Cloud           Conj/Ice/Air   0%         6-21      100%        5
 Lee's Rapid Deconstruct  Erth           0%         3d4*      100%        5
 Bombard                  Conj/Erth      0%         9d1       100%        6
 Enfeeble                 Hex            0%         N/A       100%        7
 Call Imp                 Summ           Unusable   N/A       N/A         2
 Call Canine Familiar     Summ           Unusable   N/A       N/A         3

Dungeon Overview and Level Annotations

Branches:
Dungeon (14/15)            Temple (0/1) D:4            Lair (0/5) D:9
    Orc (0/2) D:11          IceCv (1/1)
 Vaults: D:13-14

Altars:
Ashenzari
Cheibriados
Dithmenos
Fedhas
Gozag
Hepliaklqana
Kikubaaqudgha
Nemelex Xobeh
Okawaru
Ru
Uskayaw
Vehumet
Xom
Yredelemnul
Zin

Shops:
D:4 *   D:6 *   D:7 [   D:11 [(

Annotations:
D:5 2 transporters


Innate Abilities, Weirdness & Mutations

You are immune to sickness and miasma.
Your stone body is resilient. (AC +9)
You are immune to poison.
You resist negative energy. (rN+)
You are resistant to electric shocks. (rElec)
You are resistant to unholy torment.
You are immune to petrification.


Message History

You block the harpy simulacrum's attack.
The harpy simulacrum barely misses you. x2
The harpy simulacrum claws you but does no damage.
The harpy simulacrum barely misses you. The harpy simulacrum claws you.
The harpy simulacrum freezes you!
The harpy simulacrum claws you but does no damage. x2
The harpy simulacrum misses you.
The harpy simulacrum claws you but does no damage.
You can now deal lightning-fast blows.
The harpy simulacrum claws you but does no damage.
You block the harpy simulacrum's attack. x3
The harpy simulacrum claws you. The harpy simulacrum freezes you!!
The harpy simulacrum misses you.
A harpy simulacrum comes into view.
The harpy simulacrum claws you but does no damage. x2
The anaconda simulacrum closely misses you.
The anaconda simulacrum bites you! The anaconda simulacrum freezes you!!
* * * LOW HITPOINT WARNING * * *
The harpy simulacrum barely misses you.
The harpy simulacrum claws you but does no damage.
The harpy simulacrum misses you.
The harpy simulacrum closely misses you.
The harpy simulacrum claws you but does no damage. x2
A seven-headed hydra simulacrum comes into view.
You feel much better.
You block the harpy simulacrum's attack.
The harpy simulacrum claws you but does no damage.
The harpy simulacrum barely misses you.
The harpy simulacrum closely misses you.
You block the harpy simulacrum's attack. x2
The anaconda simulacrum grabs you.
The anaconda simulacrum bites you but does no damage.
The anaconda simulacrum constricts you. The harpy simulacrum claws you.
The harpy simulacrum freezes you!!
* * * LOW HITPOINT WARNING * * *
The harpy simulacrum claws you but does no damage. x2
The harpy simulacrum claws you.
* * * LOW HITPOINT WARNING * * *
The harpy simulacrum freezes you!
You die...

#......)......#
#....8Z..8....#
#.............#
#....Z......#
#...........#
#...u..Z....#
#....Z....#
#ZZZ∩...#
##@Z∩..##
#######


You could see a white very ugly thing, an anaconda simulacrum, an alligator
simulacrum, a seven-headed hydra simulacrum, a dire elephant simulacrum and 4
harpy simulacra.

Vanquished Creatures
  Rupert (D:14)
  A tengu reaver (D:13)
  An ogre mage (D:13)
  A hydra (D:13)
  A boulder beetle (D:13)
  6 centaur warriors (D:13)
  3 two-headed ogres
  Sonja (D:11)
  Amaemon (D:8)
  A death drake (shapeshifter) (D:13)
  Pikel (D:8)
  A phantasmal warrior (D:13)
  7 ugly things
  3 cyclopes
  2 manticores (D:11)
  Maurice (D:9)
  An orange demon (D:8)
  A gargoyle (D:13)
  Maggie (D:7)
  3 kobold demonologists
  2 efreet (D:13)
  A yaktaur (D:13)
  3 trolls
  3 meliai (D:13)
  A queen bee (D:13)
  A queen bee (shapeshifter) (D:13)
  Prince Ribbit (D:8)
  Grinder (D:3)
  3 slime creatures (D:13)
  2 wraiths
  2 basilisks (D:9)
  2 wyverns (D:9)
  6 yaks (D:12)
  11 vampire mosquitoes
  A steam dragon (D:9)
  3 acid dragons
  2 water moccasins (D:9)
  3 black bears
  3 ice beasts
  9 orc warriors
  16 centaurs
  2 wolves (D:9)
  2 phantoms
  A lemure (D:8)
  11 kobold brigands
  A bullfrog (D:7)
  2 gnoll sergeants
  A scorpion (D:9)
  8 wights
  27 killer bees
  8 howler monkeys
  2 hounds (D:5)
  4 jellies
  9 orc priests
  Crazy Yiuf (D:7)
  8 iguanas
  2 sleepcaps
  A gnoll bouda (D:8)
  12 orc wizards
  12 gnolls
  3 adders
  3 shadow imps
  2 white imps
  4 ufetubi
  A worm (D:5)
  2 dart slugs
  38 orcs
  8 ball pythons
  3 bats
  2 endoplasms
  7 giant cockroaches
  8 goblins
  7 hobgoblins
  A quokka (D:3)
  6 frilled lizards
  30 kobolds
  6 rats
  A spectral orc (D:4)
360 creatures vanquished.

Vanquished Creatures (others)
  A centaur simulacrum (D:14)
1 creature vanquished.

Grand Total: 361 creatures vanquished

Notes
Turn   | Place    | Note
-------+----------+-------------------------------------------
     0 | D:1      | FakeRyeBread the Gargoyle Fighter began the quest for the
                  | Orb.
     0 | D:1      | Reached XP level 1. HP: 14/14 MP: 1/1
   152 | D:1      | Reached XP level 2. HP: 19/19 MP: 2/2
   588 | D:1      | Reached XP level 3. HP: 23/23 MP: 3/3
  1100 | D:2      | Found a faded altar of an unknown god.
  1567 | D:3      | Reached skill level 3 in Maces & Flails
  1567 | D:3      | Reached XP level 4. HP: 13/29 MP: 4/4
  1707 | D:3      | Found an iron altar of Okawaru.
  1715 | D:3      | Became a worshipper of Warmaster Okawaru
  2137 | D:3      | Noticed Grinder
  2145 | D:3      | Paralysed by Grinder for 3 turns
  2153 | D:3      | Paralysed by Grinder for 2 turns
  2273 | D:3      | Paralysed by Grinder for 4 turns
  2343 | D:3      | Killed Grinder
  2343 | D:3      | Reached * piety under Okawaru
  2344 | D:3      | Reached skill level 4 in Maces & Flails
  2344 | D:3      | Reached XP level 5. HP: 34/34 MP: 5/5
  2344 | D:3      | Reached XP level 6. HP: 39/39 MP: 6/6
  2433 | D:4      | Found Riytog's Assorted Antiques.
  2450 | D:4      | Bought a golden potion for 23 gold pieces
  2494 | D:4      | Found a staircase to the Ecumenical Temple.
  2535 | D:4      | Noticed a black bear
  2547 | D:4      | Killed a black bear
  2616 | D:4      | Found a shimmering altar of Xom.
  3004 | D:4      | Reached skill level 1 in Invocations
  3008 | D:4      | Found an ancient bone altar of Kikubaaqudgha.
  3044 | D:4      | Found a basalt altar of Yredelemnul.
  3154 | D:4      | Reached XP level 7. HP: 44/44 MP: 7/7
  3639 | D:5      | Entered Level 5 of the Dungeon
  3702 | D:5      | Found a transporter.
  3718 | D:5      | Found a transporter.
  3791 | D:5      | Reached skill level 5 in Maces & Flails
  3833 | D:5      | Reached ** piety under Okawaru
  3937 | D:5      | Identified the staff of the Dozen Eyes {rC+ Will++ Dex+4
                  | Ice}
  3969 | D:5      | Reached skill level 5 in Armour
  4018 | D:5      | Reached skill level 5 in Fighting
  4032 | D:5      | Found a shadowy altar of Dithmenos.
  4042 | D:5      | Reached skill level 5 in Shields
  4146 | D:5      | Reached XP level 8. HP: 49/49 MP: 9/9
  4216 | D:5      | Found a snail-covered altar of Cheibriados.
  4347 | D:5      | Found a blossoming altar of Fedhas.
  4966 | D:6      | Reached skill level 6 in Maces & Flails
  4974 | D:6      | Found a glowing silver altar of Zin.
  4979 | D:6      | Found Weoppih's General Store.
  5639 | D:6      | Found a sacrificial altar of Ru.
  5709 | D:6      | Reached *** piety under Okawaru
  6115 | D:7      | Found Veb Kaus's Antique Armour Emporium.
  6123 | D:7      | Noticed Maggie
  6124 | D:7      | Reached XP level 9. HP: 55/55 MP: 11/11
  6146 | D:7      | Reached skill level 7 in Maces & Flails
  6148 | D:7      | Killed Maggie
  6159 | D:7      | Found a hide-covered altar of Uskayaw.
  6622 | D:7      | Bought a fine scale mail for 171 gold pieces
  6622 | D:7      | Identified the +6 scale mail "Ofiebosch" {Contam Regen+
                  | Dex+7} (You bought it in a shop on level 7 of the Dungeon)
  6622 | D:7      | Bought a heavily runed helmet for 180 gold pieces
  6622 | D:7      | Identified the +0 helmet "Otiudent" {+Blink rElec} (You
                  | bought it in a shop on level 7 of the Dungeon)
  6853 | D:7      | Found a runed translucent door.
  6854 | D:7      | Noticed Crazy Yiuf
  6868 | D:7      | Killed Crazy Yiuf
  7011 | D:8      | Reached **** piety under Okawaru
  7214 | D:8      | Noticed Pikel
  7230 | D:8      | Killed Pikel
  7231 | D:8      | Reached skill level 8 in Maces & Flails
  7231 | D:8      | Reached skill level 5 in Invocations
  7274 | D:8      | Noticed an orange demon
  7289 | D:8      | Reached XP level 10. HP: 62/63 MP: 13/13
  7301 | D:8      | Killed an orange demon
  7321 | D:8      | Noticed Amaemon
  7344 | D:8      | Killed Amaemon
  7344 | D:8      | Reached ***** piety under Okawaru
  7345 | D:8      | Reached skill level 9 in Maces & Flails
  7360 | D:8      | Noticed Prince Ribbit
  7374 | D:8      | Killed Prince Ribbit
  7512 | D:8      | Noticed a two-headed ogre
  7522 | D:8      | Killed a two-headed ogre
  7522 | D:8      | Received a gift from Okawaru
  7523 | D:8      | Reached skill level 1 in Throwing
  7752 | D:9      | Found a broken altar of Ashenzari.
  7876 | D:9      | Noticed Maurice
  7895 | D:9      | Killed Maurice
  7920 | D:9      | Found a staircase to the Lair.
  7955 | D:9      | Reached skill level 10 in Maces & Flails
  8076 | D:9      | Reached XP level 11. HP: 57/68 MP: 14/14
  8119 | D:9      | Found a sparkling altar of Nemelex Xobeh.
  8158 | D:9      | Found a radiant altar of Vehumet.
  8824 | D:9      | Found an iron altar of Okawaru.
  8867 | D:10     | Entered Level 10 of the Dungeon
  9222 | D:7      | Bought a brightly glowing hat for 171 gold pieces
  9222 | D:7      | Identified the +2 hat of the Pits of Slime {Harm} (You
                  | bought it in a shop on level 7 of the Dungeon)
  9792 | D:10     | Received a gift from Okawaru
  9819 | D:10     | Identified the +7 hand axe "No More Talking" {vamp, SInv}
 10052 | D:10     | You fall into a shaft and drop 3 floors!
 10110 | D:12     | Noticed a cyclops
 10143 | D:12     | Killed a cyclops
 10256 | D:12     | Noticed a green ugly thing
 10257 | D:11     | Noticed Sonja
 10327 | D:10     | Noticed a two-headed ogre
 10340 | D:10     | Killed a two-headed ogre
 10375 | D:10     | Found a hazy altar of Hepliaklqana.
 10449 | D:11     | Reached skill level 11 in Maces & Flails
 10558 | D:11     | Found Zeiqah's Armour Shop.
 10562 | D:11     | Found a staircase to the Orcish Mines.
 10566 | D:11     | Found Hetz's Weapon Shop.
 10658 | D:11     | Killed Sonja
 10825 | D:11     | Noticed a two-headed ogre
 10843 | D:11     | Killed a two-headed ogre
 10862 | D:11     | Reached ****** piety under Okawaru
 10870 | D:11     | Acquired a +2 eveningstar of draining
 10870 | D:11     | Received a gift from Okawaru
 10872 | D:11     | Acquired the +1 pair of boots of Gravity {+Inv Will+ Regen+
                  | Dex+2}
 10872 | D:11     | Received a gift from Okawaru
 11032 | D:11     | Received a gift from Okawaru
 11117 | D:11     | Noticed a cyclops
 11126 | D:11     | Killed a cyclops
 11127 | D:11     | Reached XP level 12. HP: 51/76 MP: 15/15
 11998 | D:12     | Received a gift from Okawaru
 11999 | D:12     | Reached skill level 12 in Maces & Flails
 12025 | D:12     | Reached skill level 5 in Throwing
 12054 | D:12     | Found an opulent altar of Gozag.
 12341 | D:13     | Noticed a centaur warrior
 12359 | D:13     | Killed a centaur warrior
 12360 | D:13     | Reached skill level 10 in Fighting
 12407 | D:13     | Reached skill level 10 in Armour
 12523 | D:13     | Noticed a centaur warrior
 12535 | D:13     | Reached skill level 10 in Shields
 12543 | D:13     | Killed a centaur warrior
 12575 | D:13     | Noticed a centaur warrior
 12580 | D:13     | Killed a centaur warrior
 12580 | D:13     | Received a gift from Okawaru
 12603 | D:13     | Noticed a centaur warrior
 12609 | D:13     | Noticed an ogre mage
 12614 | D:13     | Killed a centaur warrior
 12618 | D:13     | Killed an ogre mage
 12619 | D:13     | Reached XP level 13. HP: 83/83 MP: 17/17
 12634 | D:13     | Noticed a tengu reaver
 12649 | D:13     | Reached skill level 13 in Maces & Flails
 12670 | D:13     | Killed a tengu reaver
 12758 | D:13     | Received a gift from Okawaru
 13258 | D:13     | Received a gift from Okawaru
 13284 | D:14     | Noticed Rupert
 13314 | D:14     | Killed Rupert
 13333 | D:14     | Found a frozen archway.
 13342 | IceCv    | Entered an ice cave
 13342 | IceCv    | Noticed a white very ugly thing
 13346 | IceCv    | HP: 2/84 [anaconda simulacrum (28)]
 13347 | IceCv    | Demolished by a harpy simulacrum

Illustrated notes

Levels and vault maps discovered:
D:1:      lemuel_arrival_lava_pool, layout_rooms, roderic_lattice_a
D:2:      layout_loops_ring, ebering_ecumenical_altar_petrified,
          minmay_tromino_v4_b
D:3:      layout_loops_cross, mainiacjoe_overflow_chevrons, uniq_grinder
D:4:      layout_basic, yredelemnul_forgotten_temple_becter,
          overflow_temple_1_default, kiku_gazebo_garden_becter,
          minmay_temple_entry_mini_moons, serial_shops, shop_statue,
          chequers_garden, dreamdust_wishing_well
D:5:      gammafunk_steamed_eel, layout_basic, grunt_dithmenos_shadows,
          fedhas_altar_2, cheibrodos_worm_habitat, small_statue_intersection
D:6:      layout_layer_cave, lemuel_crystal_altar, nicolae_ru_path_of_blood,
          serial_shops, nicolae_shop_tiny_statue_garden, minmay_microvault
D:7:      layout_cave_pods, mainiacjoe_overflow_alcove_2,
          nicolae_inconvenience_store, uniq_maggie, uniq_crazy_yiuf_cottage
D:8:      layout_loops_ring, uniq_prince_ribbit1, uniq_pikel, uniq_amaemon
D:9:      hellmonk_destroyed_diamonds, layout_cave_pods,
          evilmike_ruin_ashenzari, nicolae_vehumet_radiance,
          lemuel_coloured_pillars_altar, minmay_lair_entry_grove,
          david_defended_altar_orc, uniq_maurice
D:10:     layout_stronghold, kennysheep_mini_moat
D:11:     layout_basic, orc_david_3, serial_curves, eino_curves_03,
          eino_curves_04, kennysheep_generic_room_11, uniq_sonja
D:12:     layout_cave_pools, nicolae_gozag_seed_capital
D:13:     minmay_two_paths, layout_rooms, special_room [special_room_bee]
D:14:     lemuel_flame_loot_2, layout_long_grid, hellmonk_vaults_keyhole,
          portal_ice_cave_entry_pillars_2, chequers_serial_rivers_small_a,
          minivault_1, uniq_azrael, uniq_rupert
IceCv:    ice_cave_statue_garden_transporter

Skill      XL: |  1  2  3  4  5  6  7  8  9 10 11 12 13 |
---------------+----------------------------------------+-----
Maces & Flails | 3 4 5 6 8 10 11 12 13 | 13.8
Fighting       | 4 5 6 7 8 9 10 11 | 11.1
Armour         | 4 5 6 7 8 9 10 11 | 11.1
Shields        | 4 5 6 7 8 9 10 | 10.9
Invocations    | 1 2 3 5 6 7 |  7.3
Throwing       | 2 4 5 |  5.0

Action                     |  1- 3 |  4- 6 |  7- 9 | 10-12 | 13-15 || total
---------------------------+-------+-------+-------+-------+-------++-------
  Melee: Flail             |   137 |    82 |   194 |    34 |       ||   447
         Morningstar       |       |       |   133 |       |       ||   133
         Demon whip        |       |       |       |   466 |       ||   466
         Eveningstar       |       |       |       |   239 |   188 ||   427
  Throw: Boomerang         |       |       |       |    13 |     3 ||    16
         Javelin           |       |       |       |       |     2 ||     2
 Invoke: Heroism           |       |       |     2 |     1 |     2 ||     5
         Receive Weapon    |       |       |       |     1 |       ||     1
         Receive Armour    |       |       |       |     1 |       ||     1
         Finesse           |       |       |       |       |     1 ||     1
    Use: Scroll            |       |     8 |     3 |     8 |       ||    19
         Potion            |       |       |     2 |     1 |     6 ||     9
   Stab: Sleeping          |       |       |       |     1 |       ||     1
 Armour: Scale mail        |   103 |    65 |   265 |   574 |   169 ||  1176
         Chain mail        |       |       |    82 |       |       ||    82
  Dodge: Dodged            |    65 |    42 |   248 |   425 |    74 ||   854
  Block: Buckler           |    38 |    23 |    93 |   264 |    91 ||   509
         Reflection        |       |       |       |       |     1 ||     1

Table legend: (Time is in decaauts)
 A = Elapsed time spent in this place.
 B = Non-inter-level travel time spent in this place.
 C = Inter-level travel time spent in this place.
 D = Time resting spent in this place.
 E = Time spent auto-exploring this place.
 F = Levels seen in this place.
 G = Mean time per level.
                   A        B        C        D        E       F      G
               +--------+--------+--------+--------+--------+-----+--------+
         Total |  13290 |  10790 |   2500 |    643 |   6960 |  15 |  886.0 |
       Dungeon |  13285 |  10785 |   2500 |    643 |   6960 |  14 |  948.9 |
      Ice Cave |      4 |      4 |      0 |      0 |      0 |   1 |    4.0 |
               +--------+--------+--------+--------+--------+-----+--------+

Top non-repeatable levels by time:
     D:7: 1437 daAuts
    D:11: 1311 daAuts
     D:6: 1254 daAuts
     D:4: 1237 daAuts
     D:9: 1139 daAuts
    D:10: 1115 daAuts
     D:2: 936 daAuts
     D:5: 926 daAuts
    D:13: 896 daAuts
     D:1: 806 daAuts
     D:3: 747 daAuts
     D:8: 737 daAuts
    D:12: 642 daAuts
    D:14: 96 daAuts
   IceCv: 4 daAuts
